 Dungeon Crawl Stone Soup version 0.29.1-15-g9cfb28693d (webtiles) character file.

Game seed: 17867177159802830225

35 GigaChad the Covered (level 3, -2/33 HPs)
             Began as a Minotaur Fighter on Mar 10, 2023.
             Slain by Sigmund
             ... wielding a +0 scythe
              (5 damage)
             ... on level 2 of the Dungeon.
             The game lasted 00:01:07 (813 turns).

GigaChad the Covered (Minotaur Fighter)              Turns: 813, Time: 00:01:08

Health: -2/33      AC:  7    Str: 22    XL:     3   Next: 16%
Magic:  2/2        EV:  9    Int:  5    God:
Gold:   145        SH:  4    Dex:  9    Spells: 2/2 levels left

rFire   . . .      SeeInvis .   a - +0 war axe
rCold   . . .      Faith    .   c - +0 buckler
rNeg    . . .      Spirit   .   b - +0 scale mail
rPois   .          Reflect  .   (helmet restricted)
rElec   .          Harm     .   (no cloak)
rCorr   .          Rampage  .   (no gloves)
Will    .....                   (no boots)
Stlth   ..........              (no amulet)
HPRegen 0.11/turn               j - +4 ring of slaying
MPRegen 0.08/turn               (no ring)

@: no status effects
A: horns 2, retaliatory headbutt
a: no special abilities


You were on level 2 of the Dungeon.
You visited 1 branch of the dungeon, and saw 2 of its levels.

You collected 145 gold pieces.

Inventory:

Hand Weapons
 a - a +0 war axe (weapon)
Armour
 b - a +0 scale mail (worn)
 c - a +0 buckler (worn)
Jewellery
 j - a +4 ring of slaying (left hand)
Scrolls
 e - a scroll of fear {unknown}
 f - 2 scrolls of identify {unknown}
 g - a scroll of butterflies {unknown}
 i - a scroll of poison {unknown}
 m - a scroll of teleportation {unknown}
Potions
 d - a potion of might
 h - a potion of attraction {unknown}
 k - a potion of curing {unknown}
 l - a potion of degeneration {unknown}


   Skills:
 + Level 4.1 Fighting
 + Level 2.7 Axes
 + Level 4.1 Armour
 + Level 0.1 Dodging
 + Level 4.0 Shields


You had 2 spell levels left.
You didn't know any spells.
Your spell library was empty.

Dungeon Overview and Level Annotations

Branches:
Dungeon (2/15)

Altars:

Annotations:
D:2 Natasha, Sigmund


Innate Abilities, Weirdness & Mutations

You have a pair of horns on your head.
You reflexively headbutt those who attack you in melee.


Message History

The goblin hits you but does no damage.
You hit the jackal.
You kill the jackal!
You miss the goblin. Something hits you. You block the goblin's attack.
Unknown command.
You barely miss the jackal. You closely miss the goblin.
The jackal closely misses you. The goblin hits you but does no damage.
Something hits you! You block the jackal's attack.
You are too injured to fight recklessly!
You are too injured to fight recklessly!
Unknown command.
You are too injured to fight recklessly!
Unknown command.
You are too injured to fight recklessly!
Unknown command.
There are monsters nearby!
There are monsters nearby!
There are monsters nearby!
You are too injured to fight recklessly!
You are too injured to fight recklessly!
Unknown command.
You slash the jackal!
You kill the jackal!
You miss the adder. You slash the goblin!
You kill the goblin!
You block the adder's attack. Something hits you.
* * * LOW HITPOINT WARNING * * *
Natasha, Servant of Life and Death comes into view.
The adder bites you but does no damage.
The frilled lizard bites you but does no damage.
You block the jackal's attack. The jackal bites you.
* * * LOW HITPOINT WARNING * * *
Natasha hisses angrily.
You slash the jackal!
You kill the jackal!
You closely miss the frilled lizard. You closely miss the adder.
You hit the jackal. The adder misses you.
Natasha mumbles some strange words.
You block the jackal's attack. Something hits you.
You die...

#####.## #............
.......# #.............
.......####.............
..........#.............
........†.#...$.........
.............$..........
....#.###...............
....#.# #........S......
....#.# #.......@..K....
....#.# #..?....lhJ....h
#.#.#.# #...............
#.#<#.# ####............
#.#.# #...........!
#.#.. #........$...
#.#.## #............
#.#.. #............
#.###


You could see Natasha, an adder, an endoplasm, a jackal, a kobold and a frilled
lizard.

Vanquished Creatures
  A worm (D:2)
  3 dart slugs (D:1)
  3 bats (D:1)
  2 endoplasms (D:1)
  A giant cockroach (D:1)
  3 goblins
  A hobgoblin (D:1)
  3 jackals (D:2)
  A quokka (D:1)
  5 ball pythons
  2 frilled lizards (D:1)
  A kobold (D:1)
  A rat (D:1)
  A toadstool (D:1)
28 creatures vanquished.

Vanquished Creatures (others)
  A fungus (D:1)
  A plant (D:2)
  A toadstool (D:1)
3 creatures vanquished.

Grand Total: 31 creatures vanquished

Notes
Turn   | Place    | Note
-------+----------+-------------------------------------------
     0 | D:1      | GigaChad the Minotaur Fighter began the quest for the Orb.
     0 | D:1      | Reached XP level 1. HP: 19/19 MP: 0/0
    28 | D:1      | Found a faded altar of an unknown god.
   117 | D:1      | Reached XP level 2. HP: 27/27 MP: 1/1
   749 | D:2      | Reached XP level 3. HP: 27/33 MP: 2/2
   805 | D:2      | Noticed Sigmund
   812 | D:2      | Noticed Natasha
   813 | D:2      | Slain by Sigmund

Illustrated notes

Levels and vault maps discovered:
D:1:      dpeg_arrival_simpleton_a, layout_basic,
          hellmonk_ecumenical_altar_pennies_from_heaven,
          minmay_gold_behind_fungi
D:2:      layout_basic, serial_forest, infiniplex_forest_end_1,
          infiniplex_forest_zigzag_1, infiniplex_forest_corner_1,
          infiniplex_forest_straight_5, infiniplex_forest_clump_small,
          infiniplex_forest_corner_2, infiniplex_forest_clump_tiny,
          wad_floor_pattern_2, uniq_jessica, uniq_natasha, uniq_sigmund

Skill      XL: |  1  2 |
---------------+-------+-----
Armour         | 4 |  4.1
Fighting       | 4 |  4.1
Shields        | 4 |  4.0
Axes           | |  2.7
Dodging        | |  0.1

Action                   || total
-------------------------++-------
Melee: War axe           ||    51
       Headbutt          ||     5
Armor: Scale mail        ||    33
Dodge: Dodged            ||    36
Block: Buckler           ||    17
